 Dungeon Crawl Stone Soup version 0.19-a0-1442-g3b32ff5 (webtiles) character file.

46109 Amnesiac the Nimble (level 14, -6/121 HPs)
             Began as an Octopode Transmuter on Sept 6, 2016.
             Was an Initiate of Gozag.
             Mangled by an entropy weaver (14 damage)
             ... on level 5 of the Lair of Beasts.
             The game lasted 00:43:29 (21781 turns).

Amnesiac the Nimble (Octopode Transmuter)          Turns: 21781, Time: 00:43:30

Health: -6/121     AC:  7    Str: 10    XL:     14   Next: 36%
Magic:  37/37      EV: 30    Int: 16    God:    Gozag
Gold:   847        SH:  0    Dex: 21    Spells: 11 memorised, 4 levels left

rFire  x . .     SeeInvis .       - Unarmed
rCold  + + +     Gourm    .     (shield currently unavailable)
rNeg   . . .     Faith    .     (helmet currently unavailable)
rPois  +         Spirit   .     M - amulet of rage
rElec  .         Dismiss  .     F - +3 ring of protection
rCorr  +         Reflect  .     w - +2 ring of evasion
MR     ++...     Harm     .     I - ring of resist corrosion
Stlth  ++++......               E - ring of Fikosox {rPois MP+9}
                                D - ring of protection from magic
                                q - +2 ring of protection
                                j - +4 ring of evasion
                                b - ring of Vulik {Slay+3 Stlth+}

@: agile, lethally poisoned (-6 -> -7), ice-form, corroded, repel missiles
A: almost no armour, stealthy swim, amphibious, 8 rings, (constrict 8),
(camouflage 0), (gelatinous body 0)
a: End Transformation, Potion Petition, Call Merchant, Bribe Branch, Renounce
Religion, Evoke Berserk Rage


You were on level 5 of the Lair of Beasts.
You worshipped Gozag.
Gozag was pleased with you.
You were not hungry.
You were a creature of crystalline ice.
You visited 3 branches of the dungeon, and saw 17 of its levels.
You also visited: Sewer.

You collected 4863 gold pieces.
You spent 1756 gold pieces at shops.
You paid 2260 gold pieces to Gozag.

Inventory:

Hand Weapons
 X - a +1 blowgun
Missiles
 a - 276 arrows
 W - 4 curare-tipped needles
Armour
 N - a +2 hat of magic resistance (melded)
Jewellery
 b - the ring of Vulik (on tentacle) {Slay+3 Stlth+}
   (You bought it in a shop on level 3 of the Lair of Beasts)

   [ring of stealth]

   It affects your accuracy and damage with ranged weapons and melee attacks
   (+3).
   It makes you more stealthy.
 j - a +4 ring of evasion (on tentacle)
 q - a +2 ring of protection (on tentacle)
 w - a +2 ring of evasion (right front paw)
 D - a ring of protection from magic (on tentacle)
 E - the ring of Fikosox (on tentacle) {rPois MP+9}
   (You found it on level 8 of the Dungeon)

   [ring of magical power]

   It protects you from poison.
   It affects your magic capacity (+9).
 F - a +3 ring of protection (left front paw)
 I - a ring of resist corrosion (on tentacle)
 M - an amulet of rage (around neck)
Wands
 e - a wand of digging (9/24)
 i - a wand of acid (3/15)
 O - a wand of disintegration (18/24)
 P - a wand of lightning (8/15)
 Q - a wand of paralysis (12/24)
 V - a wand of iceblast (6/15)
Scrolls
 d - a scroll of recharging
 f - 8 scrolls of remove curse
 k - 5 scrolls of identify
 l - 3 scrolls of fear
 n - 11 scrolls of teleportation
 o - a scroll of fog
 s - 4 scrolls of blinking
 S - a scroll of enchant armour
Potions
 g - 2 potions of resistance
 m - 10 potions of curing
 p - a potion of agility
 t - a potion of ambrosia
 u - a potion of invisibility
 x - a potion of haste
 z - 3 potions of berserk rage
 A - 2 potions of cancellation
 H - a potion of brilliance
 K - 2 potions of magic
Books
 r - a book of the Sky

   Spells                             Type                      Level
   a - Summon Lightning Spire         Summoning/Air                4
   b - Airstrike                      Air                          4
   c - Silence                        Hexes/Air                    5
   d - Deflect Missiles               Charms/Air                   6
   e - Conjure Ball Lightning         Conjuration/Air              6
   f - Tornado                        Air                          9
 v - the Guide on Self-Improvement
   (You found it on level 11 of the Dungeon)

   Spells                             Type                      Level
   a - Song of Slaying                Charms                       2
   b - Swiftness                      Charms/Air                   2
   c - Ozocubu's Armour               Charms/Ice                   3
   d - Regeneration                   Charms/Necromancy            3
   e - Spectral Weapon                Hexes/Charms                 3
   f - Ring of Flames                 Charms/Fire                  7
 Y - a Necronomicon

   Spells                             Type                      Level
   a - Haunt                          Necromancy/Summoning         7
   b - Borgnjor's Revivification      Necromancy                   8
   c - Death's Door                   Charms/Necromancy            8
   d - Infestation                    Necromancy                   8
   e - Necromutation                  Transmutation/Necromancy     8
Comestibles
 c - 5 bread rations
 h - 10 fruits
 L - 8 slices of pizza


   Skills:
 - Level 11.0 Fighting
 - Level 11.5 Dodging
 - Level 11.0 Unarmed Combat
 + Level 10.9 Spellcasting
 - Level 11.2 Transmutations


You had 4 spell levels left.
You knew the following spells:

 Your Spells              Type           Power        Failure   Level  Hunger
a - Repel Missiles        Chrm/Air       #.....       14%         2    None
b - Apportation           Tloc           #.........   10%         1    None
c - Mephitic Cloud        Conj/Pois/Air  #.......     28%         3    None
d - Sticks to Snakes      Tmut           #####...     1%          2    None
e - Ice Form              Ice/Tmut       ####....     12%         4    ###....
f - Blade Hands           Tmut           #####.....   2%          5    #####..
g - Blink                 Tloc           N/A          14%         2    None
i - Swiftness             Chrm/Air       #.......     14%         2    None
r - Regeneration          Chrm/Necr      #.........   28%         3    None
s - Conjure Flame         Conj/Fire      #.......     28%         3    None
w - Spider Form           Tmut/Pois      ####......   2%          3    None


Dungeon Overview and Level Annotations

Branches:
Dungeon (11/15)            Temple (1/1) D:5            Lair (5/6) D:11
  Swamp (0/4) Lair:4       Spider (0/4) Lair:3        Slime (0/5) Lair:5
    Orc (0/2) D:10

Altars:
Ashenzari
Cheibriados
Dithmenos
Elyvilon
Fedhas
Gozag
Hepliaklqana
Kikubaaqudgha
Makhleb
Nemelex Xobeh
Okawaru
Qazlal
Ru
Sif Muna
Trog
Uskayaw
Vehumet
Xom
Yredelemnul
Zin
The Shining One
Jiyva

Shops:
D:7 =   Lair:1 !   Lair:3 =


Innate Abilities, Weirdness & Mutations

You cannot wear most types of armour.
You are very stealthy in the water.
You are amphibious.
You can wear up to eight rings at the same time.
((You can use your tentacles to constrict eight enemies at once.))
((Your skin changes colour to match your surroundings (Stealth+).))
((Your rubbery body absorbs attacks. (AC +1, EV +1)))


Message History

The floor, spattered with blood.
Okay, then.
Unknown command.
Evoke which item? (* to show all) (? for menu, Esc to quit)
Okay, then.
Unknown command.
Evoke which item? (* to show all) (? for menu, Esc to quit)
You have no means to grasp a wand firmly enough.
Unknown command.
Okay, then.
Unknown command.
You feel agile all of a sudden.
You feel sick. The entropy weaver hits you!
* * * LOW HITPOINT WARNING * * *
The entropy weaver completely misses you.
The entropy weaver hits you.
* * * LOW HITPOINT WARNING * * *
The entropy weaver hits you!
You die...
Your body crumbles into a pile of gold.

#.#....#.## #................#
####......#####.........#.....##
###.##..............)......>..#
#P...PP....................####
##.........................#
####......P.................#
#...........................#
###....#....................P#
........#.......Ya..........##
PP.............$..#.#....#..##
.PP..........$$#.........###.#
.............$$#.#.......# ###
.#......................###
..............$P.......#..#
P.........................#
.................P........#
.........)........P.......##


You could see an entropy weaver.

Vanquished Creatures
  Gastronok (D:8)
  An entropy weaver (Lair:5)
  2 hydras (Lair:4)
  Harold (D:11)
  Erica (Lair:2)
  A queen ant (Lair:5)
  6 death yaks (Lair:2)
  Nergalle (D:10)
  A flayed ghost (D:8)
  2 hill giants
  Pikel (D:9)
  2 oklob plants
  A griffon (Lair:2)
  4 elephants (Lair:5)
  A black mamba (Lair:2)
  6 spiny frogs
  A kobold demonologist (D:9)
  A rime drake (Lair:3)
  6 komodo dragons
  A two-headed ogre (D:11)
  A troll (D:10)
  A polar bear (Lair:4)
  10 blink frogs
  5 dream sheep (Lair:5)
  2 wyverns
  Sigmund (D:3)
  A redback (Lair:3)
  2 fire bats (D:8)
  3 hogs (D:7)
  7 wraiths
  A basilisk (Lair:1)
  41 yaks
  A human (D:7)
  A hungry ghost (D:8)
  6 hippogriffs
  4 swamp worms (Lair:4)
  24 soldier ants (Lair:5)
  Duvessa (D:7)
  6 water moccasins
  7 porcupines
  6 orc warriors
  A swamp drake (D:10)
  3 sky beasts
  4 slaves (D:9)
  3 phantoms
  A black bear (D:6)
  6 necrophages
  10 ogres
  6 centaurs
  9 wolves
  11 crocodiles
  2 big kobolds
  20 giant frogs
  2 wyvern zombies
  Dowan (D:7)
  2 scorpions
  A water moccasin skeleton (D:8)
  5 wights (D:10)
  7 howler monkeys
  An electric eel (Lair:4)
  4 crimson imps
  A wasp zombie (D:9)
  A quasit (D:5)
  2 giant frog zombies
  2 centaur zombies
  7 hounds
  An iron imp (D:7)
  2 jellies
  2 giant frog skeletons (D:11)
  3 centaur skeletons
  9 orc priests
  14 orc wizards
  14 iguanas
  Jessica (D:2)
  17 worker ants
  2 hound skeletons
  A howler monkey zombie (D:6)
  4 worker ant zombies
  3 gnolls (D:6)
  37 river rats
  18 adders
  3 shadow imps
  10 oozes
  8 worms
  11 giant geckos
  51 orcs
  6 giant cockroaches
  6 goblins
  5 hobgoblins
  12 jackals
  7 quokkas
  6 ball pythons
  22 bats
  A giant cockroach zombie (D:5)
  7 giant newts
  3 jackal zombies
  20 kobolds
  2 quokka skeletons
  A quokka zombie (D:8)
  14 rats
607 creatures vanquished.

Vanquished Creatures (others)
  2 fungi
  A plant (Lair:2)
3 creatures vanquished.

Grand Total: 610 creatures vanquished

Notes
Turn   | Place    | Note
-------+----------+-------------------------------------------
     0 | D:1      | Amnesiac the Octopode Transmuter began the quest for the Orb.
     0 | D:1      | Reached XP level 1. HP: 13/13 MP: 3/3
   148 | D:2      | Reached XP level 2. HP: 13/18 MP: 3/5
   225 | D:2      | Reached XP level 3. HP: 23/23 MP: 4/6
   239 | D:2      | Learned a level 3 spell: Spider Form
   242 | D:2      | Learned a level 2 spell: Sticks to Snakes
   394 | D:3      | Noticed Sigmund
   716 | D:3      | Reached XP level 4. HP: 28/28 MP: 7/7
   792 | D:3      | Killed Sigmund
   792 | D:3      | Reached XP level 5. HP: 17/34 MP: 4/9
   792 | D:3      | Reached XP level 6. HP: 20/39 MP: 4/10
  1546 | D:3      | Found a burning altar of Makhleb.
  1809 | D:4      | Reached XP level 7. HP: 30/45 MP: 4/11
  1921 | D:4      | Found a glowing drain.
  1980 | Sewer    | Entered a sewer
  2828 | D:4      | Learned a level 5 spell: Blade Hands
  2902 | D:4      | Found a sacrificial altar of Ru.
  3237 | D:4      | Reached skill level 5 in Unarmed Combat
  3268 | D:5      | Entered Level 5 of the Dungeon
  3570 | D:5      | Reached skill level 5 in Transmutations
  3842 | D:5      | Reached XP level 8. HP: 43/52 MP: 9/13
  3944 | D:5      | Found a staircase to the Ecumenical Temple.
  3953 | Temple   | Entered the Ecumenical Temple
  4037 | Temple   | Became a worshipper of Gozag Ym Sagoz the Greedy
  4981 | D:2      | Found a white marble altar of Elyvilon.
  5045 | D:2      | Found a basalt altar of Yredelemnul.
  5104 | D:2      | Noticed Jessica
  5108 | D:2      | Killed Jessica
  6757 | D:6      | Reached skill level 5 in Fighting
  7017 | D:6      | Reached XP level 9. HP: 38/62 MP: 12/15
  7436 | D:6      | Found a stormy altar of Qazlal.
  8081 | D:7      | Found a snail-covered altar of Cheibriados.
  8179 | D:7      | Noticed Duvessa
  8189 | D:7      | Killed Duvessa
  8193 | D:7      | Noticed Dowan
  8201 | D:7      | Bought a +3 ring of protection for 315 gold pieces
  8269 | D:7      | Killed Dowan
  8269 | D:7      | Reached skill level 5 in Dodging
  8521 | D:7      | Found a bloodstained altar of Trog.
  8839 | D:7      | Reached XP level 10. HP: 19/71 MP: 16/16
  9508 | D:8      | Noticed Gastronok
  9825 | D:8      | Killed Gastronok
  9825 | D:8      | Reached skill level 10 in Dodging
 10451 | D:8      | Found a runed door.
 10509 | D:8      | Found a basalt altar of Yredelemnul.
 10525 | D:8      | Found a burning altar of Makhleb.
 10527 | D:8      | Reached skill level 5 in Spellcasting
 10546 | D:8      | Found a shattered altar of Ashenzari.
 10651 | D:8      | Found a hazy altar of Hepliaklqana.
 10669 | D:8      | Found a sacrificial altar of Ru.
 10714 | D:8      | Found a sacrificial altar of Ru.
 10897 | D:8      | Reached XP level 11. HP: 69/75 MP: 20/20
 11145 | D:8      | Noticed a flayed ghost
 11202 | D:8      | Killed a flayed ghost
 11223 | D:8      | Got a twitching bronze ring
 11227 | D:8      | Identified the Incunabulum of Excruciating Envenoming
 11229 | D:8      | Identified the ring of Fikosox {rPois MP+9} (You found it on level 8 of the Dungeon)
 11234 | D:8      | Learned a level 3 spell: Mephitic Cloud
 11236 | D:8      | Learned a level 1 spell: Apportation
 11239 | D:8      | Learned a level 2 spell: Blink
 11244 | D:8      | Learned a level 4 spell: Passage of Golubria
 11352 | D:9      | Noticed a soul eater
 11613 | D:9      | Noticed Pikel
 11655 | D:9      | Killed Pikel
 11971 | D:10     | Entered Level 10 of the Dungeon
 12964 | D:10     | Found a staircase to the Orcish Mines.
 13038 | D:10     | Noticed Nergalle
 13079 | D:10     | Killed Nergalle
 13103 | D:10     | Noticed a hill giant
 13388 | D:10     | Killed a hill giant
 14004 | D:11     | Reached skill level 10 in Unarmed Combat
 14004 | D:11     | Reached XP level 12. HP: 75/81 MP: 25/25
 14161 | D:10     | Learned a level 2 spell: Repel Missiles
 14169 | D:10     | Learned a level 3 spell: Conjure Flame
 14248 | D:11     | Noticed Harold
 14269 | D:11     | Killed Harold
 14611 | D:11     | Found a staircase to the Lair.
 14674 | D:11     | Identified the Guide on Self-Improvement
 14980 | Lair:1   | Entered Level 1 of the Lair of Beasts
 15338 | Lair:1   | Bought a potion of heal wounds for 75 gold pieces
 15344 | Lair:1   | Bought a potion of haste for 150 gold pieces
 15344 | Lair:1   | Bought a potion of magic for 120 gold pieces
 16782 | Lair:2   | Noticed a death yak
 16783 | Lair:2   | Noticed a death yak
 16841 | Lair:2   | Noticed a death yak
 16844 | Lair:2   | Noticed a death yak
 16875 | Lair:2   | Killed a death yak
 17055 | Lair:2   | Noticed a death yak
 17056 | Lair:2   | Noticed a death yak
 17075 | Lair:2   | Killed a death yak
 17075 | Lair:2   | Reached skill level 10 in Fighting
 17075 | Lair:2   | Reached XP level 13. HP: 72/92 MP: 26/26
 17647 | Lair:2   | Noticed Erica
 17663 | Lair:2   | Killed Erica
 18050 | Lair:2   | Learned a level 2 spell: Swiftness
 18054 | Lair:2   | Learned a level 3 spell: Regeneration
 18158 | Lair:3   | Reached skill level 10 in Spellcasting
 18389 | Lair:3   | Learned a level 4 spell: Ice Form
 18445 | Lair:3   | Found a hole to the Spider Nest.
 19080 | Lair:3   | Bought the ring of Vulik {Slay+3 Stlth+} for 556 gold pieces
 20274 | Lair:4   | Found a staircase to the Swamp.
 20682 | D:7      | Bought a +4 ring of evasion for 540 gold pieces
 20907 | Lair:5   | Reached skill level 10 in Transmutations
 20918 | Lair:5   | Reached XP level 14. HP: 101/101 MP: 28/28
 21077 | Lair:5   | Found a staircase to the Slime Pits.
 21145 | Lair:5   | Found a viscous altar of Jiyva.
 21307 | Lair:5   | Noticed an entropy weaver
 21307 | Lair:5   | Noticed an entropy weaver
 21348 | Lair:5   | Killed an entropy weaver
 21781 | Lair:5   | Mangled by an entropy weaver

Vault maps used:
D:1:      tarquinn_simple_flora_water_e
D:2:      kennysheep_ying_yang, uniq_jessica
D:3:      bloody_makhleb, first_bread, uniq_sigmund
D:4:      kennysheep_mini_moat, portal_sewer_entry_f, nrook_loot_triangle,
          item_on_display_a
D:6:      lemuel_doored_altar
D:7:      minmay_opposing_rooms, slow_altar_1, lightli_temple_of_fire,
          minmay_misc_feat_secret_circle, grunt_livestock, uniq_duvessa
D:8:      due_megacathedral, uniq_gastronok
D:9:      minivault_20, uniq_pikel
D:10:     erik_orc_1, grunt_ministairs_1, uniq_nergalle
D:11:     lair_0_dummy, kennysheep_cross_bottleneck, uniq_harold
Temple:   dpeg_chambers_temple
Lair:1:   st_stairs_11, minivault_27, beast_lair_carwin_4, lemuel_fruit_tree
Lair:2:   lemuel_fruit_fields, uniq_erica
Lair:3:   spider_nest_entry_a
Lair:4:   nicolae_swamp_entry_splash_gauntlet, ldierk_geyser,
          roderic_carrion_pond, grunt_megastairs_5
Lair:5:   slime_altar_1, minivault_29
Sewer:    sewer_fruit_machine

Skill      XL: |  1  2  3  4  5  6  7  8  9 10 11 12 13 14 |
---------------+-------------------------------------------+-----
Transmutations | 3 4 5 6 10 11 | 11.2
Fighting       | 2 3 5 7 10 11 | 11.0
Unarmed Combat | 4 5 6 7 10 11 | 11.0
Dodging        | 3 4 7 10 11 | 11.5
Spellcasting   | 3 4 6 9 10 | 10.9

Action                   |  1- 3 |  4- 6 |  7- 9 | 10-12 | 13-15 || total
-------------------------+-------+-------+-------+-------+-------++-------
Melee: Unarmed           |    43 |   102 |   523 |  1060 |   649 ||  2377
       Constrict         |    10 |    10 |    55 |    83 |    24 ||   182
       Tentacles         |     5 |     6 |    40 |   113 |    36 ||   200
       Kick              |     4 |       |       |       |       ||     4
       Punch             |       |       |     9 |    29 |    13 ||    51
 Cast: Beastly Appendage |     8 |     1 |       |       |       ||     9
       Sticks to Snakes  |     1 |       |     1 |    13 |       ||    15
       Spider Form       |       |     7 |    34 |    50 |    15 ||   106
       Repel Missiles    |       |       |       |     1 |       ||     1
       Ice Form          |       |       |       |       |    23 ||    23
       Regeneration      |       |       |       |       |     5 ||     5
Invok: Call Merchant     |       |       |     1 |     1 |     1 ||     3
       Potion Petition   |       |       |       |     1 |       ||     1
 Abil: End Transformatio |       |       |       |     1 |       ||     1
  Use: Potion            |       |       |       |     2 |     3 ||     5
       Scroll            |       |       |       |    27 |     3 ||    30
 Stab: Sleeping          |     7 |     3 |    11 |     9 |     7 ||    37
       Distracted        |       |       |     4 |     5 |     2 ||    11
       Confused          |       |       |       |     1 |       ||     1
  Eat: Chunk             |       |     5 |     7 |       |       ||    12
       Beef jerky        |       |       |     2 |     7 |     1 ||    10
       Pizza             |       |       |     2 |     1 |       ||     3
       Bread ration      |       |       |     2 |     1 |     1 ||     4
       Meat ration       |       |       |     1 |     2 |     1 ||     4
       Fruit             |       |       |       |    10 |     4 ||    14
Armor: Skin              |     1 |     6 |    31 |    59 |    65 ||   162
Dodge: Dodged            |    15 |    59 |   416 |   884 |   600 ||  1974
       Deflected         |       |       |       |       |     1 ||     1
